 Dungeon Crawl Stone Soup version 0.17.0-28-g6e173f8 (webtiles) character file.

266 Ijustatesigmund the Sneak (level 6, -2/35 HPs)
             Began as a Kobold Assassin on Nov 23, 2015.
             Splashed by a jelly's acid (8 damage)
             ... on level 5 of the Dungeon.
             The game lasted 00:10:23 (3961 turns).

Ijustatesigmund the Sneak (Kobold Assassin)         Turns: 3961, Time: 00:10:24

Health: -2/35      AC: -3    Str:  9    XL:     6   Next: 44%
Magic:  6/6        EV: 14    Int: 11    God:
Gold:   244        SH:  0    Dex: 18    Spells: 0 memorised, 5 levels left

rFire  . . .     SeeInvis .     a - +2 dagger
rCold  . . .     Clarity  .     c - +0 robe
rNeg   . . .     SustAt   .     (shield restricted)
rPois  +         Gourm    .     m - +0 helmet
rElec  .         Spirit   .     d - +0 cloak
rCorr  .         Warding  .     (no gloves)
rMut   .         Stasis   .     s - +0 pair of boots
MR     .....                    (no amulet)
Stlth  +++++.....               r - ring of stealth
                                i - ring of poison resistance

@: corroded equipment, not resistant to hostile enchantments, quite stealthy
A: carnivore 3
a: no special abilities


You were on level 5 of the Dungeon.
You were very full.

You visited 2 branches of the dungeon, and saw 6 of its levels.

You collected 244 gold pieces.

Inventory:

Hand Weapons
 a - a +2 dagger (weapon)
 b - a +0 blowgun
 u - a +1 dagger of speed
Missiles
 e - 41 poisoned needles
 f - 2 curare-tipped needles
Armour
 c - a +0 robe (worn)
 d - a +0 cloak (worn)
 m - a +0 helmet (worn)
 s - a +0 pair of boots (worn)
Jewellery
 i - a ring of poison resistance (left hand)
 o - an uncursed ring of sustain attributes
 p - an uncursed ring of magical power
 q - the ring "Enutiedikk" {Ice rN++}
   (You found it on level 4 of the Dungeon)

   [ring of ice]

   It enhances your ice magic, and weakens your fire magic.
   It makes you vulnerable to fire.
   It protects you from cold.
   It greatly protects you from negative energy.
 r - a ring of stealth (right hand)
Scrolls
 h - a scroll of amnesia
Potions
 j - a potion of flight {unknown}
 k - a potion of invisibility {unknown}
 l - a potion of lignification
 n - a potion of heal wounds {unknown}
Comestibles
 g - a meat ration
 t - a beef jerky


   Skills:
 - Level 2.1 Fighting
 + Level 6.3 Short Blades
 + Level 3.6 Throwing
 - Level 1.2 Dodging
 - Level 7.0 Stealth


You had 5 spell levels left.
You didn't know any spells.

Dungeon Overview and Level Annotations

Branches:
Dungeon (5/15)             Temple (1/1) D:4

Altars:
Ashenzari
Dithmenos
Fedhas
Gozag
Kikubaaqudgha
Makhleb
Nemelex Xobeh
Okawaru
Ru
Sif Muna
Trog
Vehumet
Xom
Zin
The Shining One

Annotations:
D:4 septik's ghost, novice GrEE


Innate Abilities, Weirdness & Mutations

You are small and have problems with some larger weapons.
You are carnivorous and can eat meat at any time.


Message History

You now have 244 gold pieces (gained 6).
A jelly comes into view.
You hit the jelly.
Your hands burn!
The jelly is moderately wounded.
The jelly closely misses you.
You hit the jelly but do no damage.
Your hands burn!
The jelly is moderately wounded.
You hit the jelly. The acid corrodes you!
Your hands burn!
The jelly is moderately wounded.
The jelly closely misses you.
You hit the jelly but do no damage.
Your hands burn!
The jelly is moderately wounded.
The jelly hits you.
You are splashed with acid!
The acid burns!
You hit the jelly.
Your hands burn!
* * * LOW HITPOINT WARNING * * *
The jelly is heavily wounded.
The jelly hits you.
* * * LOW HITPOINT WARNING * * *
You are splashed with acid!
The acid corrodes you!
The acid burns!
You die...

## .. #.
####### #.
#.....# #.
#.###.#
#J###.###.#
#.@.....#.#
#####.#.#.#
#.#.#.#
#.....#
###.###
####.####
#(......#
#.##.##.#
#.#..##.#


You could see a jelly.

Vanquished Creatures
  A worker ant (D:5)
  An iguana (D:5)
  8 adders
  6 gnolls
  An ooze (D:3)
  2 worms (D:3)
  An orc (D:3)
  A ball python (D:1)
  2 giant cockroaches
  12 goblins
  6 hobgoblins
  2 quokkas
  A ball python skeleton (D:4)
  8 bats
  4 giant newts
  5 jackals
  11 kobolds
  15 rats
87 creatures vanquished.

Notes
Turn   | Place    | Note
--------------------------------------------------------------
     0 | D:1      | Ijustatesigmund the Kobold Assassin began the quest for the Orb.
     0 | D:1      | Reached XP level 1. HP: 12/12 MP: 1/1
   123 | D:1      | Reached XP level 2. HP: 17/17 MP: 2/2
   211 | D:1      | Reached skill level 6 in Stealth
   521 | D:1      | Reached XP level 3. HP: 16/21 MP: 3/3
  1094 | D:2      | Reached skill level 7 in Stealth
  1110 | D:2      | Found a bloodstained altar of Trog.
  1248 | D:2      | Reached XP level 4. HP: 19/26 MP: 4/4
  1717 | D:2      | Reached XP level 5. HP: 30/30 MP: 5/5
  1833 | D:3      | Found a blossoming altar of Fedhas.
  1878 | D:3      | Reached skill level 5 in Short Blades
  2379 | D:3      | Found an iron altar of Okawaru.
  3029 | D:3      | Reached XP level 6. HP: 24/35 MP: 6/6
  3176 | D:5      | Entered Level 5 of the Dungeon
  3471 | D:4      | Got a transparent marble ring
  3473 | D:4      | Identified the ring "Enutiedikk" {Ice rN++} (You found it on level 4 of the Dungeon)
  3483 | D:4      | Found a staircase to the Ecumenical Temple.
  3492 | Temple   | Entered the Ecumenical Temple
  3593 | D:4      | Noticed septik's ghost (novice GrEE)
  3961 | D:5      | Splashed by a jelly's acid

Action                   |  1- 3 |  4- 6 || total
-------------------------+-------+-------++-------
Melee: Dagger            |   122 |   160 ||   282
 Fire: Blowgun           |       |    19 ||    19
  Use: Scroll            |     3 |     5 ||     8
       Potion            |       |     2 ||     2
 Stab: Sleeping          |    11 |    13 ||    24
       Distracted        |       |     1 ||     1
  Eat: Chunk             |     2 |    14 ||    16
